 Dungeon Crawl Stone Soup version 0.21-a0-630-g344d351 (webtiles) character file.

15 KristoblXynda the Charmwright (level 2, 0/14 HPs)
             Began as a Spriggan Skald on Dec 26, 2017.
             Slain by an ooze (5 damage)
             ... on level 1 of the Dungeon.
             The game lasted 00:01:33 (826 turns).

KristoblXynda the Charmwright (Spriggan Skald)       Turns: 826, Time: 00:01:34

Health: 0/14       AC:  5    Str:  7    XL:     2   Next: 34%
Magic:  3/6        EV: 19    Int: 14    God:
Gold:   12         SH:  0    Dex: 15    Spells: 5/6 levels left

rFire    . . .     SeeInvis +   a - +0 short sword
rCold    . . .     Gourm    .   (shield restricted)
rNeg     . . .     Faith    .   b - +0 robe
rPois    .         Spirit   .   (helmet restricted)
rElec    .         Reflect  .   (no cloak)
rCorr    .         Harm     .   (gloves unavailable)
MR       .....                  (boots unavailable)
Stlth    ++........             (no amulet)
HPRegen  0.04/turn              h - +3 ring of protection
MPRegen  0.10/turn              (no ring)

@: infused, very quick
A: very small, unfitting armour, see invisible, herbivore, speed 3, slow
metabolism 2
a: no special abilities


You were on level 1 of the Dungeon.
You were not hungry.

You visited 1 branch of the dungeon, and saw 1 of its levels.

You collected 12 gold pieces.

Inventory:

Hand Weapons
 a - a +0 short sword (weapon)
Armour
 b - a +0 robe (worn)
Jewellery
 h - a +3 ring of protection (left hand)
Scrolls
 e - a scroll of remove curse {unknown}
Potions
 f - a potion of haste {unknown}
 g - a potion of lignification {unknown}
Books
 c - a book of Battle

   Spells                             Type                      Level
   a - Infusion                       Charms                       1
   b - Shroud of Golubria             Charms/Translocation         2
   c - Song of Slaying                Charms                       2
   d - Spectral Weapon                Hexes/Charms                 3
   e - Regeneration                   Charms/Necromancy            3
Comestibles
 d - 2 rations


   Skills:
 - Level 1.5 Fighting
 + Level 2.5 Short Blades
 - Level 4.0 Dodging
 + Level 0.4 Stealth
 - Level 2.6 Spellcasting
 + Level 4.9 Charms


You had 5 spell levels left.
You knew the following spells:

 Your Spells              Type           Power        Failure   Level  Hunger
a - Infusion              Chrm           ###.         3%          1    #......


Dungeon Overview and Level Annotations

Branches:
Dungeon (1/15)

Altars:


Innate Abilities, Weirdness & Mutations

You are very small and have problems with some larger weapons.
You are too small for most types of armour.
You have supernaturally acute eyesight. (SInv)
You are a herbivore.
You cover ground extremely quickly.
You need consume almost no food.


Message History

You hit the ooze but do no damage.
The ooze is lightly wounded.
The ooze hits you.
You hit the ooze.
The ooze is moderately wounded.
The ooze completely misses you.
Casting: Infusion
Confirm with . or Enter, or press ? or * to list all spells.
You begin infusing your attacks with magical energy.
The ooze barely misses you.
You hit the ooze.
The ooze is severely wounded.
The ooze hits you.
You barely miss the ooze.
The ooze is severely wounded.
The ooze closely misses you.
You hit the ooze.
The ooze is almost dead.
The ooze hits you.
You die...

#. .# #. .# ##
#.#.##. #.#.#. #.#..
##.#. #..J### .#
#..@#.###.# #.
#..#.⌠.# #.8.#
#...#.#.###.#
#.#.####.#.#.# .
#.##.##.⌠.###.♣ .#
#. ##.##.#.#.#.##...
#. ##..#.....#....#
#.#####............#
##
#.........###>######


You could see an ooze.

Vanquished Creatures
  2 ball pythons (D:1)
  2 bats (D:1)
  2 hobgoblins (D:1)
  2 kobolds (D:1)
  3 frilled lizards (D:1)
  A goblin (D:1)
  5 rats (D:1)
17 creatures vanquished.

Notes
Turn   | Place    | Note
-------+----------+-------------------------------------------
     0 | D:1      | KristoblXynda the Spriggan Skald began the quest for the Orb.
     0 | D:1      | Reached XP level 1. HP: 10/10 MP: 5/5
   389 | D:1      | Reached XP level 2. HP: 14/14 MP: 1/6
   826 | D:1      | Slain by an ooze

Vault maps used:
D:1:      minmay_arrival_jagged, serial_forest, infiniplex_forest_lined_3,
          infiniplex_forest_zigzag_1, infiniplex_forest_lined_2,
          infiniplex_forest_clump_diagonal, infiniplex_forest_lined_corner,
          infiniplex_forest_clump_diagonal, infiniplex_forest_clump_curved,
          minivault_24, grunt_decor_mini_mirrors

Skill      XL: |  1  2 |
---------------+-------+-----
Dodging        | 4 |  4.0
Fighting       | |  1.5
Short Blades   | |  2.5
Stealth        | |  0.4
Spellcasting   | |  2.6
Charms         | |  4.9

Action                   || total
-------------------------++-------
Melee: Short sword       ||   106
 Cast: Infusion          ||     3
 Stab: Sleeping          ||     1
Armor: Robe              ||     4
Dodge: Dodged            ||    65

Table legend:
 A = Spawn XP
 B = Non-spawn XP
 C = Spawn XP percentage of total XP
 D = Spawn monster count
 E = Non-spawn monster count
 F = Spawn count percentage of total count
 G = Total turns spent on level
                    A         B        C        D         E        F      G
               +---------+---------+-------+---------+---------+-------+---------
         Total |       0 |      22 |   0.0 |       0 |      17 |   0.0 |   826
               +---------+---------+-------+---------+---------+-------+---------
           D:1 |       0 |      22 |   0.0 |       0 |      17 |   0.0 |   826
               +---------+---------+-------+---------+---------+-------+---------
